Map: Estaleiro Orbital

Players

RuFF

  • Race: Terran Terran
  • League: Grandmaster

TheZergLord - Winner!

  • Race: Zerg Zerg
  • League: Master

VOD

Have the link to the VOD?

Description

Time

  • Played on: Feb. 25, 2016, 8:34 a.m.
  • Length: 10:27
Show
View Real Time Build Order
Export as new Build Order

RuFF Terran 

Build Orders: Hellion Opening 

Get SALT Encoding   

  12  0:01  SCV  
  13  0:13  SCV  
  14  0:18  Supply Depot  
  14  0:25  SCV  
  15  0:31  Refinery  
  15  0:39  SCV  
  16  0:44  Barracks  
  16  0:52  SCV  
  17  1:04  SCV  
  18  1:16  SCV  
  19  1:28  SCV  
  19  1:32  Marine  
  20  1:34  Factory  
  21  1:40  Orbital Command  
  21  1:55  Command Center  
  21  1:58  Barracks Reactor  
  21  2:09  Supply Depot  
  21  2:10  SCV  
  22  2:29  SCV  
  23  2:38  Hellion x2  
  27  2:49  Supply Depot  
  27  2:52  Factory, Barracks Reactor  
  27  2:59  Hellion x2  
  31  3:11  Bunker  
  30  3:20  Hellion  
  33  3:28  Hellion  
  33  3:37  SCV  
  33  3:38  Hellion, Marine  
  34  3:43  Marine  
  34  3:45  Orbital Command  
  32  3:50  Hellion  
  30  4:01  Marine  
  15  4:13  Hellion  
  15  4:14  Factory Tech Lab  
  14  4:25  Marine  
  13  4:33  SCV x2  
  15  4:39  Hellion  
  16  4:48  SCV x2  
  20  5:12  Starport  
  20  5:13  Refinery  
  10  5:46  Orbital Command  
  2  6:01  Orbital Command  
  2  6:12  SCV  
  3  6:27  SCV  
  3  6:28  SCV  
  5  6:39  SCV  
  6  6:40  SCV  
  6  6:45  Supply Depot  
  7  6:51  SCV  
  7  6:52  SCV  
  7  7:05  SCV  
  7  7:08  Refinery  
  9  7:10  Refinery  
  9  7:11  Barracks  
  8  7:21  Barracks  
  7  7:23  SCV  
  8  7:35  SCV  
  9  7:47  SCV  
  10  7:55  Orbital Command  
  10  7:59  SCV  
  10  8:00  Reaper  
  10  8:02  Factory  
  12  8:09  Reaper  
  4  8:41  Orbital Command  
  4  8:44  Reaper x2  
  6  8:51  Orbital Command, Widow Mine  
  8  9:13  Orbital Command  
Show
View Real Time Build Order
Export as new Build Order

TheZergLord Zerg - Winner!

Build Orders: Hatch First, Ravager All-In 

Get SALT Encoding   

  12  0:01  Drone  
  13  0:13  Overlord  
  13  0:17  Drone  
  14  0:32  Drone x2  
  16  0:36  Drone  
  17  0:55  Hatchery  
  16  0:58  Drone  
  17  1:08  Extractor  
  16  1:12  Spawning Pool  
  16  1:16  Drone  
  16  1:20  Drone  
  16  1:24  Drone  
  18  1:31  Drone  
  19  1:39  Extractor  
  18  1:40  Drone  
  19  1:51  Drone  
  20  2:00  Roach Warren, Queen  
  21  2:04  Drone  
  22  2:13  Queen  
  24  2:20  Overlord  
  24  2:28  Drone  
  25  2:33  Drone  
  26  2:41  Roach x2  
  30  2:45  Roach  
  32  2:53  Overlord  
  32  3:02  Ravager x2  
  32  3:05  Ravager  
  35  3:12  Roach  
  37  3:15  Roach x2  
  37  3:17  Roach  
  42  3:55  Roach x2  
  42  3:56  Roach  
  33  4:17  Roach x2  
  33  4:18  Ravager  
  33  4:19  Ravager x2  
  36  4:28  Queen  
  36  4:30  Roach x3  
  42  4:39  Ravager  
  43  4:52  Overlord  
  43  4:53  Overlord  
  43  5:02  Ravager  
  44  5:25  Drone x6  
  44  5:26  Drone  
  51  5:35  Drone x2  
  41  5:58  Drone x2  
  41  5:59  Drone x2  
  41  6:27  Drone x3  
  44  6:45  Drone x3  
  47  6:53  Drone x2  
  49  7:19  Hatchery  
  49  7:22  Drone  
  49  7:30  Drone x3  
  52  7:41  Drone x3  
  55  7:58  Lair  
  55  8:36  Drone  
  55  8:37  Drone x7  
  55  8:38  Drone  
  64  8:46  Drone x2  
  66  9:12  Spire  
  65  9:29  Hatchery  
  64  9:36  Roach  
  64  9:37  Hatchery  
  65  9:42  Overlord x2  
  65  9:43  Overlord  
Tags
 
Add a new tag
Caveats
  • Supply blocks, unpowered buildings, or Contaminate may cause inaccurate times.
  • Supply counts are checked every 10 seconds.